 Dungeon Crawl Stone Soup version 0.21-a0-591-g2314aa1 (webtiles) character file.

216636 theanonym the Phalangite (level 18, -2/182 HPs)
             Began as a Minotaur Monk on Dec 22, 2017.
             Was a Believer of Fedhas.
             Killed from afar by a nagaraja (3 damage)
             ... with a splash of poison
             ... on level 4 of the Snake Pit on Dec 23, 2017.
             The game lasted 02:17:56 (44625 turns).

theanonym the Phalangite (Minotaur Monk)           Turns: 44625, Time: 02:17:57

Health: -2/182     AC: 29    Str: 22    XL:     18   Next: 36%
Magic:  24/24      EV: 14    Int:  8    God:    Fedhas [**....]
Gold:   1973       SH:  0    Dex: 16    Spells: 14/17 levels left

rFire    + . .     SeeInvis .   a - +5 bardiche (venom)
rCold    . . .     Gourm    .   (shield currently unavailable)
rNeg     . . .     Faith    +   Y - +3 plate armour {rF+} {18}
rPois    +         Spirit   .   T - +1 hat {MR+} {MR+}
rElec    .         Reflect  .   R - +2 cloak
rCorr    .         Harm     .   (no gloves)
MR       ++...                  F - +0 pair of boots
Stlth    ..........             N - amulet of faith {Faith}
HPRegen  0.40/turn              K - +6 ring of evasion
MPRegen  0.19/turn              L - ring of poison resistance {rPoisrPois}

@: lethally poisoned (-2 -> -7), constricted
A: retaliatory headbutt, hooves 2, horns 2, iridescent scales 1, agile 1
}: 1/15 runes: decaying
a: Fungal Bloom, Evolution, Sunlight, Renounce Religion


Innate Abilities, Weirdness & Mutations

You reflexively headbutt those who attack you in melee.
You have a pair of horns on your head.
You have hoof-like feet.
You are partially covered in iridescent scales. (AC +2)
You are agile. (Dex +2)


   Skills:
 + Level 21.1 Fighting
 * Level 22.5 Polearms
 - Level 18.0 Armour
 + Level 6.3 Dodging
 - Level 1.5 Stealth
 - Level 10.0 Invocations


You had 14 spell levels left.
You knew the following spells:

 Your Spells              Type           Power        Failure   Level  Hunger
a - Recall                Summ/Tloc      N/A          100%        3    ####...

Skill      XL: |  1  2  3  4  5  6  7  8  9 10 11 12 13 14 15 16 17 18 |
---------------+-------------------------------------------------------+-----
Polearms       | 4 5 6 7 8 9 12 14 15 16 17 18 20 21 22 | 22.5
Fighting       | 4 5 6 7 9 10 12 14 15 17 18 19 20 21 | 21.1
Armour         | 8 11 13 14 15 17 18 | 18.0
Invocations    | 3 6 10 | 10.0
Dodging        | 4 6 |  6.3
Stealth        | |  1.5

Action                   |  1- 3 |  4- 6 |  7- 9 | 10-12 | 13-15 | 16-18 || total
-------------------------+-------+-------+-------+-------+-------+-------++-------
Melee: Spear             |   105 |    94 |       |       |       |       ||   199
       Headbutt          |    12 |    29 |    81 |   129 |   236 |   182 ||   669
       Trident           |       |    76 |   390 |       |       |       ||   466
       Halberd           |       |       |   152 |   663 |  1341 |   177 ||  2333
       Bardiche          |       |       |       |       |       |   962 ||   962
Throw: Throwing net      |       |       |     5 |       |       |       ||     5
Invok: Recite            |       |       |    18 |       |       |       ||    18
       Vitalisation      |       |       |     8 |       |       |       ||     8
       Fungal Bloom      |       |       |       |    46 |   113 |   111 ||   270
       Evolution         |       |       |       |    11 |    52 |    61 ||   124
       Sunlight          |       |       |       |     3 |     7 |     9 ||    19
       Reproduction      |       |       |       |       |     3 |       ||     3
       Growth            |       |       |       |       |     2 |     1 ||     3
Evoke: Wand              |       |     1 |     5 |    29 |    54 |    10 ||    99
       Fan of gales      |       |       |       |       |       |     2 ||     2
  Use: Potion            |       |     1 |     1 |     4 |     4 |    13 ||    23
       Scroll            |       |       |    13 |    14 |    18 |    19 ||    64
 Stab: Sleeping          |     1 |     1 |       |       |       |       ||     2
       Invisible         |       |       |     1 |       |       |     3 ||     4
       Held in net/web   |       |       |     2 |       |       |       ||     2
       Paralysed         |       |       |     2 |       |       |       ||     2
       Confused          |       |       |     1 |     4 |     5 |    16 ||    26
       Distracted        |       |       |       |     1 |    11 |     4 ||    16
  Eat: Chunk             |     2 |     6 |    11 |     6 |    14 |    14 ||    53
       Ration            |       |       |     2 |     7 |     9 |    10 ||    28
Armor: Ring mail         |    18 |     8 |       |       |       |       ||    26
       Chain mail        |       |    45 |   102 |       |       |       ||   147
       Plate armour      |       |       |    67 |   180 |   508 |   527 ||  1282
       Skin              |       |       |       |       |       |    29 ||    29
Dodge: Dodged            |    37 |    52 |   104 |   133 |   663 |   639 ||  1628
Block: Buckler           |       |    12 |    30 |       |       |       ||    42
       Other             |       |       |       |    41 |       |       ||    41

Inventory:

Hand Weapons
 a - a +5 bardiche of venom (weapon)
   (You found it on level 1 of the Snake Pit)
Armour
 F - a +0 pair of boots (worn)
   (You bought it in a shop on level 6 of the Dungeon)
 I - a scarf of cloud immunity
   (You found it on level 6 of the Dungeon)
 R - a +2 cloak (worn)
   (You took it off a red draconian in a volcano)
 T - a +1 hat of magic resistance (worn) {MR+}
   (You found it on level 13 of the Dungeon)
 Y - a +3 plate armour of fire resistance (worn) {18}
   (You found it on level 3 of the Swamp)
Jewellery
 h - an uncursed ring of protection from magic {MR+}
   (You found it on level 1 of the Dungeon)
 j - an uncursed ring of see invisible {SInv}
   (You found it on level 14 of the Dungeon)
 k - an uncursed ring of resist corrosion {rCorr}
   (You found it on level 3 of the Dungeon)
 l - an uncursed ring of positive energy {rN+rN+}
   (You found it on level 2 of the Snake Pit)
 u - an uncursed ring of ice {unknown}
   (You found it on level 14 of the Dungeon)
 z - an uncursed ring of protection from magic {MR+}
   (You took it off a naga on level 1 of the Snake Pit)
 G - an uncursed ring of protection from fire {rF+}
   (You found it on level 10 of the Dungeon)
 K - a +6 ring of evasion (left hand)
   (You took it off a minotaur in a labyrinth)
 L - a ring of poison resistance (right hand) {rPoisrPois}
   (You found it on level 11 of the Dungeon)
 N - an amulet of faith (around neck) {Faith}
   (You found it in a labyrinth)
Wands
 c - a wand of clouds (3)
   (You found it in a labyrinth)
 o - a wand of iceblast (27)
   (You found it on level 6 of the Dungeon)
 v - a wand of acid (5)
   (You found it on level 3 of the Lair of Beasts)
 x - a wand of disintegration (12)
   (You found it on level 14 of the Dungeon)
 P - a wand of paralysis (9)
   (You found it on level 6 of the Lair of Beasts)
Scrolls
 f - 5 scrolls of fog
 g - 7 scrolls of remove curse
 i - a scroll of immolation
 m - 5 scrolls of amnesia
 r - 10 scrolls of identify
 t - 14 scrolls of teleportation {!r}
 y - 4 scrolls of magic mapping
 J - 3 scrolls of enchant armour
 Q - a scroll of holy word
 S - 2 scrolls of summoning
 W - a scroll of silence
Potions
 b - a potion of haste
 n - 7 potions of brilliance
 p - 5 potions of flight
 q - 3 potions of heal wounds
 s - 3 potions of magic
 w - 7 potions of curing
 A - 3 potions of ambrosia
 B - 2 potions of cancellation
 E - 4 potions of mutation
 H - a potion of lignification
Miscellaneous
 V - a fan of gales
   (You found it in an ice cave)
Comestibles
 e - 15 rations


You were on level 4 of the Snake Pit.
You worshipped Fedhas.
Fedhas was pleased with you.
You were not hungry.

You visited 5 branches of the dungeon, and saw 31 of its levels.
You also visited: Labyrinth, Ice Cave and Volcano.

You collected 3536 gold pieces.
You spent 1507 gold pieces at shops.
You donated 56 gold pieces to Zin.

Dungeon Overview and Level Annotations

Branches:
Dungeon (15/15)            Temple (0/1) D:7            Lair (6/6) D:11
  Swamp (4/4) Lair:3        Snake (4/4) Lair:4        Slime (0/5) Lair:6
    Orc (2/2) D:10            Elf (0/3) Orc:2        Vaults (0/5) D:14
 Depths (0/5) D:15

Altars:
Cheibriados
Dithmenos
Fedhas
Gozag
Hepliaklqana
Okawaru
Qazlal
Wu Jian
Yredelemnul
Zin
The Shining One
Jiyva

Shops:
D:4 !   D:6 [   D:9 :**   D:10 :   D:13 (   Orc:2 [*(?

Annotations:
Swamp:4 Lernaean hydra
Snake:2 exclusion: Roxanne, Roxanne
Snake:3 exclusion: 2 doors


Message History

The nagaraja grabs you.
* * * LOW HITPOINT WARNING * * *
The nagaraja constricts you.
You take 5 damage, and have 51/182 hp.
You slash the nagaraja!
The nagaraja is poisoned.
You headbutt the nagaraja.
You feel sick.
You take 1 damage, and have 50/182 hp.
You closely miss the nagaraja.
You headbutt the nagaraja, but do no damage.
You feel sick. The nagaraja spits poison at you. The splash of poison hits you!
You resist.
* * * LOW HITPOINT WARNING * * *
The nagaraja constricts you.
You take 4 damage, and have 46/182 hp.
You closely miss the nagaraja. You headbutt the nagaraja.
The nagaraja hits you but does no damage.
* * * LOW HITPOINT WARNING * * *
The nagaraja constricts you.
A black mamba comes into view.
You take 4 damage, and have 42/182 hp.
You completely miss the nagaraja.
The black mamba hisses angrily.
You headbutt the nagaraja.
You feel sick.
The nagaraja hits you but does no damage.
* * * LOW HITPOINT WARNING * * *
The nagaraja constricts you.
You take 2 damage, and have 40/182 hp.
You barely miss the nagaraja.
The nagaraja hits you but does no damage.
You hit the nagaraja.
The nagaraja is poisoned.
You feel sick.
The nagaraja hits you but does no damage.
The nagaraja constricts you. The nagaraja spits poison at you.
The splash of poison hits you! You resist.
* * * LOW HITPOINT WARNING * * *
You slash the nagaraja! You headbutt the nagaraja!
The nagaraja spits poison at you. The splash of poison hits you! You resist.
The nagaraja constricts you.
The nagaraja hits you but does no damage.
A nagaraja comes into view. It is wielding a club.
You closely miss the nagaraja.
You feel sick.
The nagaraja shouts!
The nagaraja hits you with a flail.
* * * LOW HITPOINT WARNING * * *
The nagaraja constricts you. The naga hits you but does no damage.
The nagaraja hits you with a club.
* * * LOW HITPOINT WARNING * * *
You take 8 damage, and have 32/182 hp.
You completely miss the nagaraja. The black mamba barely misses you.
The nagaraja mumbles some strange words.
The nagaraja seems to speed up.
The nagaraja casts a spell.
The nagaraja seems to speed up.
* * * LOW HITPOINT WARNING * * *
The nagaraja constricts you.
You open the nagaraja like a pillowcase!!!
You hear a shout!
The black mamba bites you but does no damage.
The naga closely misses you. You furiously retaliate!
You headbutt the naga, but do no damage.
The nagaraja spits poison at you. The splash of poison hits you! You resist.
* * * LOW HITPOINT WARNING * * *
The black mamba barely misses you. The nagaraja hits you with a flail.
* * * LOW HITPOINT WARNING * * *
The nagaraja constricts you.
You take 5 damage, and have 27/182 hp.
You closely miss the nagaraja.
You feel sick. The black mamba bites you.
* * * LOW HITPOINT WARNING * * *
The nagaraja barely misses you. You furiously retaliate!
You headbutt the nagaraja.
You kill the nagaraja!
The naga hits you but does no damage.
The nagaraja hits you but does no damage.
The nagaraja constricts you. The black mamba closely misses you.
You escape the nagaraja's grasp.
Things that are here:
a club; a robe {0} You take 6 damage, and have 21/182 hp.
You feel sick.
You slash the nagaraja!
The nagaraja is poisoned.
Your headbutt misses the nagaraja. The black mamba barely misses you.
You furiously retaliate!
You headbutt the black mamba! The nagaraja casts a spell at you.
The poison arrow hits you!
You are more poisoned.
You partially resist.
* * * LOW HITPOINT WARNING * * *
You slash the nagaraja!
The nagaraja looks as sick as possible!
You feel sick. The black mamba barely misses you.
The nagaraja hits you with a club!
* * * LOW HITPOINT WARNING * * *
The nagaraja grabs you. The nagaraja constricts you.
The black mamba closely misses you. The nagaraja casts a spell at you.
You resist with almost no effort. The naga closely misses you.
The nagaraja spits poison at you. The splash of poison hits you! You resist.
You die...
Fedhas appreciates your contribution to the ecosystem.

...............#
.(((...........#
#(##ff.^.......#
.)('f).........#
...#<..........##
'###............##
.................########'
........<.....%..N........
...............N@S........
................|N........
..........................
.............#####........
............## ##.......
#########...# .......
#...# .S..... .......
#...# ....... .......


You could see 2 nagarajas, a sea snake (wandering), a black mamba and a naga.

Notes
Turn   | Place    | Note
-------+----------+-------------------------------------------
     0 | D:1      | theanonym the Minotaur Monk began the quest for the Orb.
     0 | D:1      | Reached XP level 1. HP: 19/19 MP: 0/0
   143 | D:1      | Reached skill level 4 in Polearms
   146 | D:1      | Reached XP level 2. HP: 23/27 MP: 1/1
   353 | D:1      | Reached skill level 4 in Fighting
   777 | D:2      | Reached XP level 3. HP: 28/33 MP: 2/2
  1068 | D:2      | Reached skill level 5 in Polearms
  1237 | D:2      | Found a glowing silver altar of Zin.
  1281 | D:2      | Became a worshipper of Zin the Law-Giver
  1281 | D:2      | Reached * piety under Zin
  1281 | D:2      | Reached ** piety under Zin
  1549 | D:2      | Reached XP level 4. HP: 41/41 MP: 3/3
  1641 | D:3      | Noticed Ijyb
  2081 | D:3      | Reached *** piety under Zin
  2275 | D:3      | Noticed Terence
  2289 | D:3      | Killed Terence
  2289 | D:3      | Reached skill level 6 in Polearms
  2324 | D:3      | Reached XP level 5. HP: 47/47 MP: 4/4
  2329 | D:3      | Found a stormy altar of Qazlal.
  2508 | D:3      | Reached skill level 5 in Fighting
  2785 | D:3      | Reached skill level 7 in Polearms
  2785 | D:3      | Reached XP level 6. HP: 38/56 MP: 5/5
  3020 | D:4      | Found Qaeleak's Distillery.
  3112 | D:4      | Bought a potion of curing for 36 gold pieces
  3117 | D:4      | Reached **** piety under Zin
  3322 | D:4      | Reached skill level 6 in Fighting
  3325 | D:4      | Reached skill level 8 in Polearms
  3390 | D:4      | Noticed Squigly's ghost (amateur MiFi)
  3407 | D:4      | HP: 21/57 [Squigly's ghost (13)]
  3415 | D:4      | Killed Squigly's ghost
  3415 | D:4      | Reached XP level 7. HP: 25/64 MP: 6/6
  3416 | D:4      | HP: 23/64 [orc/flail (2)]
  3798 | D:4      | HP: 22/64 [orc priest/divine providence (12)]
  3800 | D:4      | HP: 10/64 [orc priest/divine providence (12)]
  4190 | D:4      | Reached ***** piety under Zin
  4324 | D:4      | Reached skill level 9 in Polearms
  4399 | D:4      | Reached skill level 7 in Fighting
  4617 | D:5      | Entered Level 5 of the Dungeon
  4727 | D:5      | HP: 29/66 [centaur/arrow (5)]
  4733 | D:5      | HP: 25/66 [centaur (4)]
  4737 | D:5      | Reached XP level 8. HP: 28/73 MP: 4/7
  4853 | D:5      | Noticed Edmund
  4956 | D:5      | Reached skill level 10 in Polearms
  5016 | D:3      | Killed Ijyb
  5079 | D:5      | Killed Edmund
  5088 | D:5      | Noticed a two-headed ogre
  5368 | D:5      | Found a shadowy altar of Dithmenos.
  5631 | D:5      | Reached skill level 8 in Fighting
  5841 | D:5      | Reached skill level 11 in Polearms
  6111 | D:6      | Found Salaoxtyrch's Armour Shop.
  6177 | D:6      | Bought a +0 pair of boots for 63 gold pieces
  6177 | D:6      | Bought a +2 hat for 224 gold pieces
  6348 | D:6      | Noticed Pikel
  6359 | D:6      | Killed Pikel
  6359 | D:6      | Reached skill level 9 in Fighting
  6359 | D:6      | Reached skill level 12 in Polearms
  6359 | D:6      | Reached XP level 9. HP: 47/83 MP: 5/8
  6533 | D:6      | Noticed Menkaure
  6559 | D:5      | HP: 33/83 [two-headed ogre/giant spiked club (27)]
  6559 | D:5      | HP: 8/83 [two-headed ogre/giant spiked club (25)]
  6983 | D:6      | HP: 39/83 [orc warrior/flail (12)]
  7327 | D:6      | Killed Menkaure
  7498 | D:6      | You fall through a shaft for 2 floors!
  7819 | D:8      | Reached skill level 13 in Polearms
  7864 | D:8      | Noticed Maurice
  7879 | D:8      | Paralysed by something for 3 turns
  8000 | D:8      | Reached skill level 10 in Fighting
  8084 | D:7      | Found an opulent altar of Gozag.
  8084 | D:7      | Found an ornate altar of the Wu Jian Council.
  8313 | D:7      | Found a snail-covered altar of Cheibriados.
  8460 | D:6      | Found a glowing golden altar of the Shining One.
  8791 | D:7      | Found a staircase to the Ecumenical Temple.
  8994 | D:8      | Paralysed by something for 4 turns
  8998 | D:8      | Noticed Gastronok
  9009 | D:8      | Paralysed by something for 5 turns
  9035 | D:7      | Killed Maurice
  9035 | D:7      | Reached skill level 14 in Polearms
  9035 | D:7      | Reached XP level 10. HP: 87/94 MP: 9/9
  9084 | D:8      | Killed Gastronok
  9084 | D:8      | Reached skill level 11 in Fighting
  9279 | D:8      | Found a hazy altar of Hepliaklqana.
  9280 | D:8      | Found a blossoming altar of Fedhas.
  9318 | D:8      | Fell from the grace of Zin
  9318 | D:8      | Became a worshipper of Fedhas Madash
  9532 | D:8      | Gained mutation: You are occasionally teleported next to monsters. [potion of mutation]
  9532 | D:8      | Gained mutation: You have a pair of large horns on your head. [potion of mutation]
  9532 | D:8      | Gained mutation: You are partially covered in thin metallic scales. (AC +2) [potion of mutation]
  9697 | D:8      | Lost mutation: You have a pair of large horns on your head. [potion of mutation]
  9697 | D:8      | Lost mutation: You are partially covered in thin metallic scales. (AC +2) [potion of mutation]
  9697 | D:8      | Lost mutation: You are occasionally teleported next to monsters. [potion of mutation]
  9697 | D:8      | Gained mutation: You have large cloven feet. [potion of mutation]
  9697 | D:8      | Gained mutation: You are partially covered in iridescent scales. (AC +2) [potion of mutation]
  9697 | D:8      | Gained mutation: You are agile. (Dex +2) [potion of mutation]
  9697 | D:8      | Gained mutation: You have hoof-like feet. [potion of mutation]
  9721 | D:8      | Reached skill level 15 in Polearms
  9845 | D:8      | Found a basalt altar of Yredelemnul.
  9948 | D:9      | Found Xaco's Food Boutique.
  9953 | D:9      | Found Ipnus's General Store.
 10103 | D:9      | Bought a scroll of identify for 28 gold pieces
 10105 | D:9      | Found an iron altar of Okawaru.
 10303 | D:9      | Found Febur's Book Boutique.
 10618 | D:9      | Found Subleoxu's General Store.
 10628 | D:9      | Bought a scroll of identify for 28 gold pieces
 10628 | D:9      | Bought a scroll of identify for 28 gold pieces
 10628 | D:9      | Bought a scroll of identify for 28 gold pieces
 10693 | D:9      | Reached skill level 12 in Fighting
 10696 | D:9      | Reached XP level 11. HP: 89/104 MP: 10/10
 10740 | D:9      | Reached skill level 16 in Polearms
 10775 | D:9      | Reached skill level 1 in Armour
 10798 | D:9      | Noticed a necromancer
 10810 | D:10     | Entered Level 10 of the Dungeon
 10886 | D:10     | Reached skill level 2 in Armour
 10912 | D:10     | Reached * piety under Fedhas
 10983 | D:10     | Found Letwaeb's Book Emporium.
 11129 | D:10     | Reached skill level 3 in Armour
 11204 | D:9      | Killed a necromancer
 11353 | D:5      | Killed a two-headed ogre
 11353 | D:5      | Reached skill level 4 in Armour
 11388 | D:4      | Bought a potion of lignification for 36 gold pieces
 11659 | D:10     | Noticed a two-headed ogre
 11667 | D:10     | Killed a two-headed ogre
 11667 | D:10     | Reached skill level 13 in Fighting
 11667 | D:10     | Reached skill level 5 in Armour
 11809 | D:10     | Reached skill level 6 in Armour
 11810 | D:10     | Reached ** piety under Fedhas
 12093 | D:10     | Found a staircase to the Orcish Mines.
 12226 | Orc:1    | Entered Level 1 of the Orcish Mines
 12233 | Orc:1    | Noticed Snorg
 12532 | D:11     | Noticed a death yak
 12532 | D:11     | Noticed a death yak
 12571 | D:11     | Killed a death yak
 12571 | D:11     | Reached skill level 7 in Armour
 12618 | D:11     | Noticed a death yak
 12649 | D:11     | Killed a death yak
 12651 | D:11     | Killed a death yak
 12651 | D:11     | Reached skill level 14 in Fighting
 12658 | D:11     | Reached skill level 8 in Armour
 12686 | D:11     | Found a staircase to the Lair.
 12812 | D:11     | Reached XP level 12. HP: 101/117 MP: 11/11
 13369 | Lair:1   | Entered Level 1 of the Lair of Beasts
 13396 | Lair:1   | HP: 50/118 [blink frog (11)]
 13398 | Lair:1   | HP: 22/118 [blink frog (7)]
 13404 | Lair:1   | HP: 41/118 [poisoned by a spiny frog]
 13410 | Lair:1   | HP: 40/118 [poisoned by a spiny frog]
 13416 | Lair:1   | HP: 39/118 [poisoned by a spiny frog]
 13424 | Lair:1   | HP: 40/118 [poisoned by a spiny frog]
 13780 | Lair:1   | Reached skill level 9 in Armour
 14130 | Lair:1   | Noticed a four-headed hydra
 14141 | Lair:1   | Killed a nine-headed hydra
 14452 | Lair:1   | Reached skill level 1 in Invocations
 14470 | Lair:1   | Reached skill level 15 in Fighting
 14473 | Lair:1   | Reached skill level 10 in Armour
 14473 | Lair:1   | Reached skill level 2 in Invocations
 14946 | Lair:2   | Found a labyrinth entrance.
 14957 | Lab      | Entered a labyrinth
 14992 | Lab      | Reached skill level 3 in Invocations
 15202 | Lab      | Noticed a minotaur
 15218 | Lab      | Killed a minotaur
 15228 | Lab      | Identified Mostroe's Tome of the Dislocated Volcanoes
 15238 | Lair:2   | Learned a level 3 spell: Recall
 15424 | Lair:2   | Noticed a seven-headed hydra
 15442 | Lair:2   | Killed a 15-headed hydra
 15616 | Lair:2   | Found a snail-covered altar of Cheibriados.
 15624 | Lair:2   | Reached skill level 11 in Armour
 16387 | Lair:3   | Noticed a six-headed hydra
 16393 | Lair:3   | Reached XP level 13. HP: 100/128 MP: 11/14
 16403 | Lair:3   | HP: 62/128 [11-headed hydra (3)]
 16406 | Lair:3   | Reached skill level 16 in Fighting
 16755 | Lair:3   | Reached skill level 12 in Armour
 17072 | Lair:3   | Reached *** piety under Fedhas
 17209 | Lair:3   | Found a staircase to the Swamp.
 17678 | Lair:4   | Found a staircase to the Snake Pit.
 18403 | Lair:5   | HP: 64/130 [death yak (7)]
 18412 | Lair:5   | HP: 56/130 [death yak (11)]
 18418 | Lair:5   | HP: 47/130 [death yak (8)]
 18932 | Lair:5   | Reached skill level 13 in Armour
 19040 | Lair:5   | Reached skill level 17 in Fighting
 19438 | Lair:5   | HP: 61/132 [electric eel/bolt of electricity (9)]
 20255 | Lair:6   | Entered Level 6 of the Lair of Beasts
 20312 | Lair:6   | HP: 61/132 [12-headed hydra (7)]
 20319 | Lair:6   | HP: 52/132 [12-headed hydra (3)]
 20333 | Lair:6   | HP: 43/132 [12-headed hydra (4)]
 20341 | Lair:6   | HP: 22/132 [electric eel/bolt of electricity (11)]
 20950 | Lair:6   | Reached skill level 17 in Polearms
 20999 | Lair:6   | Reached XP level 14. HP: 96/140 MP: 4/15
 21034 | Lair:6   | HP: 66/140 [blink frog (10)]
 21039 | Lair:6   | HP: 53/140 [elephant (4)]
 21047 | Lair:6   | HP: 50/140 [bullfrog (2)]
 21052 | Lair:6   | HP: 44/140 [blink frog (6)]
 21057 | Lair:6   | HP: 32/140 [blink frog (2)]
 21419 | Lair:6   | Reached skill level 14 in Armour
 21619 | Lair:6   | Reached **** piety under Fedhas
 21622 | Lair:6   | HP: 65/141 [spiny frog (9)]
 22489 | Lair:6   | Found a viscous altar of Jiyva.
 22490 | Lair:6   | Found a staircase to the Slime Pits.
 22755 | Orc:1    | Killed Snorg
 23058 | Orc:2    | Entered Level 2 of the Orcish Mines
 23077 | Orc:2    | Reached skill level 4 in Invocations
 23121 | Orc:2    | Found a dark tunnel.
 23128 | Volcano  | Entered a volcano
 23221 | Volcano  | Noticed tsouns's ghost (journeyman OpFi)
 23245 | Volcano  | Killed tsouns's ghost
 23490 | Volcano  | Reached skill level 18 in Fighting
 23502 | Volcano  | HP: 63/143 [red draconian/searing blast (11)]
 23889 | Volcano  | Found a radiant altar of Vehumet.
 23930 | Orc:2    | Reached skill level 5 in Invocations
 24293 | Orc:2    | Paralysed by an orc sorcerer for 7 turns
 24320 | Orc:2    | Reached skill level 18 in Polearms
 24320 | Orc:2    | Reached skill level 6 in Invocations
 24352 | Orc:2    | Found Xalad's Weapon Shoppe.
 24352 | Orc:2    | Found Taac's Magic Scroll Boutique.
 24354 | Orc:2    | Found Leczad's Assorted Antiques.
 24354 | Orc:2    | Found Edadoegg's Antique Armour Shoppe.
 24360 | Orc:2    | Bought a scroll of teleportation for 45 gold pieces
 24360 | Orc:2    | Bought 3 scrolls of identify for 90 gold pieces
 24360 | Orc:2    | Bought a scroll of teleportation for 45 gold pieces
 24360 | Orc:2    | Bought a scroll of identify for 30 gold pieces
 24360 | Orc:2    | Bought a scroll of magic mapping for 52 gold pieces
 24360 | Orc:2    | Bought a scroll of identify for 30 gold pieces
 24362 | Orc:2    | Bought a small fluorescent amulet for 170 gold pieces
 24362 | Orc:2    | Bought a scroll labeled VACI GEALOYTAADU for 34 gold pieces
 24432 | Orc:2    | Found a staircase to the Elven Halls.
 24880 | Swamp:1  | Entered Level 1 of the Swamp
 25095 | Swamp:1  | Reached XP level 15. HP: 136/149 MP: 18/18
 25309 | Swamp:1  | Noticed Louise
 25330 | Swamp:1  | Killed Louise
 25387 | Swamp:1  | Reached skill level 7 in Invocations
 25628 | Swamp:1  | Reached skill level 15 in Armour
 25897 | Swamp:2  | Noticed Frances
 25944 | Swamp:2  | Killed Frances
 25986 | Swamp:2  | Found a frozen archway.
 25992 | Swamp:2  | Reached skill level 8 in Invocations
 26149 | IceCv    | Entered an ice cave
 26231 | IceCv    | HP: 74/150 [death yak simulacrum (33)]
 26611 | IceCv    | HP: 74/150 [dire elephant simulacrum (36)]
 26628 | IceCv    | HP: 75/150 [dire elephant simulacrum/exploding inner flame[the player character] (5)]
 27423 | IceCv    | Noticed an Ice Fiend
 27570 | IceCv    | HP: 52/150 [??? (50)]
 28603 | Swamp:3  | Reached skill level 9 in Invocations
 29247 | Swamp:3  | Noticed a thorn hunter
 29373 | Swamp:4  | Entered Level 4 of the Swamp
 29551 | Swamp:4  | Noticed a thorn hunter
 29728 | Swamp:4  | HP: 69/151 [eight-headed hydra[a spriggan druid] (20)]
 29734 | Swamp:4  | HP: 41/151 [swamp dragon[a spriggan druid] (23)]
 30202 | Swamp:4  | Reached skill level 10 in Invocations
 30211 | Swamp:4  | Reached skill level 19 in Fighting
 30345 | Swamp:4  | Reached XP level 16. HP: 149/160 MP: 22/22
 30445 | Swamp:4  | Noticed the 27-headed Lernaean hydra
 30582 | Swamp:4  | Killed a thorn hunter
 30600 | Swamp:4  | Got a decaying rune of Zot
 30844 | D:9      | Bought a ration for 60 gold pieces
 30844 | D:9      | Bought a ration for 60 gold pieces
 30844 | D:9      | Bought a ration for 60 gold pieces
 30844 | D:9      | Bought a ration for 60 gold pieces
 30844 | D:9      | Bought a ration for 60 gold pieces
 30844 | D:9      | Bought a ration for 60 gold pieces
 30844 | D:9      | Bought a ration for 60 gold pieces
 30844 | D:9      | Bought a ration for 60 gold pieces
 30844 | D:9      | Bought a ration for 60 gold pieces
 30959 | Snake:1  | Entered Level 1 of the Snake Pit
 30968 | Snake:1  | Reached skill level 16 in Armour
 31021 | Snake:1  | Reached skill level 19 in Polearms
 31644 | Snake:1  | HP: 80/160 [poisoned by a naga ritualist (toxic radiance)]
 31649 | Snake:1  | HP: 65/160 [naga ritualist/scimitar of venom (4)]
 31655 | Snake:1  | HP: 65/160 [poisoned by a naga ritualist (toxic radiance)]
 31660 | Snake:1  | HP: 58/160 [poisoned by a naga ritualist (toxic radiance)]
 31665 | Snake:1  | HP: 59/160 [poisoned by a naga ritualist (toxic radiance)]
 32995 | Snake:1  | Found a runed gate.
 32995 | Snake:1  | Found a runed gate.
 32995 | Snake:1  | Found a runed gate.
 33077 | Snake:1  | HP: 80/161 [anaconda (8)]
 34115 | Snake:2  | HP: 76/162 [nagaraja/orb of energy (20)]
 34534 | Snake:2  | Noticed Roxanne
 34586 | Snake:2  | Reached skill level 20 in Polearms
 34758 | Snake:2  | HP: 77/162 [shock serpent (12)]
 34763 | Snake:2  | HP: 62/162 [shock serpent/bolt of electricity (15)]
 34767 | Snake:2  | HP: 29/162 [something (11)]
 35344 | Snake:2  | Reached skill level 17 in Armour
 36428 | Snake:3  | HP: 81/162 [guardian serpent (3)]
 36433 | Snake:3  | HP: 56/162 [salamander/arrow (10)]
 36439 | Snake:3  | HP: 55/162 [poisoned by a naga warrior (splash of poison)]
 36451 | Snake:3  | HP: 58/162 [naga ritualist/Olgreb's Toxic Radiance (1)]
 36456 | Snake:3  | HP: 57/162 [poisoned by a naga ritualist (toxic radiance)]
 36462 | Snake:3  | HP: 55/162 [black mamba (3)]
 36466 | Snake:3  | HP: 23/162 [black mamba (7)]
 36473 | Snake:3  | HP: 16/162 [black mamba (8)]
 36481 | Snake:3  | Reached skill level 20 in Fighting
 36898 | Snake:3  | Reached XP level 17. HP: 170/170 MP: 23/23
 37485 | Snake:3  | Noticed Vashnia
 37627 | Snake:3  | Nattefrost: hi
 39060 | D:13     | Found Fiwnoaro's Weapon Shoppe.
 39786 | D:14     | Reached skill level 21 in Polearms
 40123 | D:14     | Found a gate to the Vaults.
 40416 | D:15     | Entered Level 15 of the Dungeon
 40421 | D:15     | Noticed Josephine
 40441 | D:15     | Killed Josephine
 40557 | D:15     | Noticed Kirke
 40576 | D:15     | Killed Kirke
 40576 | D:15     | Reached skill level 18 in Armour
 41086 | D:15     | Found a staircase to the Depths.
 41488 | D:15     | Found a runed door.
 41492 | D:15     | Reached skill level 4 in Dodging
 41669 | D:15     | HP: 70/172 [frost giant/battleaxe of freezing (17)]
 42368 | Snake:3  | HP: 74/172 [Vashnia/bolt (19)]
 42373 | Snake:3  | HP: 40/172 [poisoned by a naga sharpshooter (splash of poison)]
 42379 | Snake:3  | HP: 39/172 [poisoned by a naga sharpshooter (splash of poison)]
 42385 | Snake:2  | HP: 38/172 [poisoned by a naga sharpshooter (splash of poison)]
 42393 | Snake:2  | HP: 39/172 [poisoned by a naga sharpshooter (splash of poison)]
 42401 | Snake:2  | HP: 40/172 [poisoned by a naga sharpshooter (splash of poison)]
 42850 | Snake:3  | HP: 82/172 [Vashnia/splash of poison (5)]
 42855 | Snake:3  | HP: 44/172 [Vashnia/bolt (18)]
 42856 | Snake:3  | Killed Vashnia
 42856 | Snake:3  | Reached XP level 18. HP: 46/180 MP: 24/24
 42865 | Snake:3  | HP: 33/180 [poisoned by a naga sharpshooter (splash of poison)]
 42870 | Snake:3  | HP: 42/180 [naga sharpshooter/bolt[Vashnia] (10)]
 42875 | Snake:3  | Reached skill level 22 in Polearms
 42875 | Snake:3  | HP: 38/180 [poisoned by a naga sharpshooter (splash of poison)]
 42880 | Snake:3  | HP: 37/180 [poisoned by a naga sharpshooter (splash of poison)]
 42887 | Snake:3  | HP: 37/180 [poisoned by a naga sharpshooter (splash of poison)]
 42894 | Snake:3  | HP: 37/180 [poisoned by a naga sharpshooter (splash of poison)]
 42900 | Snake:3  | HP: 33/180 [poisoned by a naga sharpshooter (splash of poison)]
 42907 | Snake:3  | HP: 32/180 [poisoned by a naga sharpshooter (splash of poison)]
 42914 | Snake:3  | HP: 32/180 [poisoned by a naga sharpshooter (splash of poison)]
 42921 | Snake:3  | HP: 33/180 [poisoned by a naga sharpshooter (splash of poison)]
 42929 | Snake:3  | HP: 34/180 [poisoned by a naga sharpshooter (splash of poison)]
 43350 | Snake:3  | Reached skill level 5 in Dodging
 43730 | Snake:4  | Entered Level 4 of the Snake Pit
 43738 | Snake:4  | Noticed Aizul
 43802 | Snake:4  | HP: 90/180 [poisoned by Aizul (bolt of poison)]
 43807 | Snake:4  | HP: 68/180 [poisoned by Aizul (poison arrow)]
 43811 | Snake:4  | HP: 30/180 [Aizul (7)]
 43816 | Snake:4  | HP: 51/180 [poisoned by Aizul (poison arrow)]
 43816 | Snake:4  | Killed Aizul
 43822 | Snake:4  | HP: 51/180 [poisoned by Aizul (poison arrow)]
 43830 | Snake:4  | HP: 53/180 [poisoned by Aizul (poison arrow)]
 44234 | Snake:4  | Noticed Agnes
 44243 | Snake:4  | Reached skill level 21 in Fighting
 44247 | Snake:4  | Killed Agnes
 44456 | Snake:4  | Reached skill level 6 in Dodging
 44473 | Snake:4  | HP: 90/182 [naga warrior/long sword (8)]
 44478 | Snake:4  | HP: 84/182 [poisoned by a naga warrior (splash of poison)]
 44483 | Snake:4  | HP: 80/182 [poisoned by a naga warrior (splash of poison)]
 44488 | Snake:4  | HP: 63/182 [poisoned by a naga warrior (splash of poison)]
 44493 | Snake:4  | HP: 63/182 [poisoned by a naga warrior (splash of poison)]
 44499 | Snake:4  | HP: 63/182 [poisoned by a naga warrior (splash of poison)]
 44507 | Snake:4  | HP: 65/182 [poisoned by a naga warrior (splash of poison)]
 44522 | Snake:4  | HP: 66/182 [naga sharpshooter/arrow (4)]
 44533 | Snake:4  | HP: 68/182 [naga/splash of poison (1)]
 44539 | Snake:4  | HP: 47/182 [naga sharpshooter/arrow (11)]
 44544 | Snake:4  | HP: 45/182 [poisoned by a naga (splash of poison)]
 44552 | Snake:4  | HP: 46/182 [poisoned by a naga (splash of poison)]
 44597 | Snake:4  | HP: 59/182 [nagaraja/splash of poison (5)]
 44605 | Snake:4  | HP: 61/182 [nagaraja/splash of poison (1)]
 44610 | Snake:4  | HP: 55/182 [poisoned by a nagaraja (poison arrow)]
 44616 | Snake:4  | HP: 40/182 [poisoned by a nagaraja (poison arrow)]
 44621 | Snake:4  | HP: 26/182 [poisoned by a nagaraja (poison arrow)]
 44624 | Snake:4  | HP: 11/182 [nagaraja/poison arrow (10)]
 44625 | Snake:4  | HP: 1/182 [nagaraja/club (10)]
 44625 | Snake:4  | Killed from afar by a nagaraja

Vanquished Creatures
  Vashnia (Snake:3)
  A sphinx (D:13)
  Frances (Swamp:2)
  Gastronok (D:8)
  Agnes (Snake:4)
  Kirke (D:15)
  8 nagarajas
  A frost giant (D:15)
  Louise (Swamp:1)
  Aizul (Snake:4)
  An orc warlord (D:12)
  A very ugly thing (Swamp:2)
  A red draconian (Volcano)
  The ghost of tsouns the Spear-Bearer, a journeyman OpFi of Gozag (Volcano)
  An ettin (D:15)
  Josephine (D:15)
  A minotaur (shapeshifter) (D:12)
  A minotaur (Lab)
  An ogre mage (D:15)
  2 vault guards (D:14)
  A rakshasa (D:14)
  A yaktaur captain (D:12)
  7 naga warriors
  22 hydras
  2 catoblepae
  2 tengu warriors
  21 anacondas
  3 alligators (Swamp:1)
  7 two-headed ogres
  4 centaur warriors
  5 death yaks
  8 naga sharpshooters
  A hell knight (D:15)
  2 orc high priests (Orc:2)
  3 shock serpents
  A deep elf knight (D:15)
  2 spriggan druids (Swamp:4)
  A salamander mystic (Snake:3)
  8 swamp dragons
  A deep troll (shapeshifter) (D:15)
  2 sea snakes (Snake:4)
  2 unseen horrors (D:14)
  A wizard (D:14)
  7 naga ritualists
  5 orc knights (Orc:2)
  Pikel (D:6)
  7 mana vipers
  2 orc sorcerers
  A deep elf mage (D:12)
  19 ugly things
  2 manticores
  9 salamanders
  2 cyclopes
  An ice statue (IceCv)
  Maurice (D:7)
  28 black mambas
  6 elephants
  A centaur zombie (D:14)
  3 torpor snails (Lair:2)
  12 naga magi
  3 guardian serpents
  29 spiny frogs
  A rime drake (Lair:5)
  4 freezing wraiths (IceCv)
  7 komodo dragons
  A yaktaur (Volcano)
  2 anaconda simulacra (IceCv)
  5 ice devils (IceCv)
  A kobold demonologist (D:15)
  7 trolls
  A harpy zombie (D:14)
  4 polar bears
  A tengu conjurer (D:15)
  7 hornets
  2 meliai
  5 tyrant leeches
  A hornet (shapeshifter) (D:13)
  A minotaur skeleton (Lab)
  12 hippogriffs
  18 slime creatures
  4 bog bodies
  30 blink frogs
  5 dream sheep
  5 shadows
  7 redbacks (Snake:1)
  3 centaur simulacra
  7 spriggans
  6 wraiths
  4 flying skulls (D:9)
  4 dire elephant simulacra (IceCv)
  3 hogs (D:15)
  10 yaks
  The ghost of Squigly the Shield-Bearer, an amateur MiFi (D:4)
  A wyvern (D:9)
  7 fire bats (Volcano)
  3 hungry ghosts (Lab)
  3 basilisks
  A steam dragon (Lair:2)
  19 vampire mosquitoes
  A death yak simulacrum (IceCv)
  4 iron troll simulacra (IceCv)
  18 swamp worms
  Edmund (D:5)
  3 wargs (Orc:1)
  3 harpy simulacra (IceCv)
  Menkaure (D:6)
  10 insubstantial wisps
  4 hydra simulacra (IceCv)
  31 nagas
  A soldier ant (D:13)
  15 water moccasins
  11 porcupines
  17 orc warriors
  3 slaves (D:6)
  5 ice beasts
  6 sky beasts
  6 swamp drakes
  3 black bears
  10 killer bees
  6 ogres
  8 wolves (Lair:3)
  14 crocodiles
  12 centaurs
  5 big kobolds
  26 bullfrogs
  3 wyvern zombies
  2 scorpions
  A wyvern skeleton (D:13)
  19 wights
  8 electric eels
  3 howler monkeys (D:11)
  5 crimson imps
  6 lava snakes (Volcano)
  4 bullfrog skeletons
  A draconian simulacrum (IceCv)
  3 bullfrog zombies
  2 gnoll shamans
  4 hounds
  5 jellies
  11 orc priests
  16 orc wizards
  Ijyb (D:3)
  6 centaur skeletons
  Terence (D:3)
  13 iguanas
  A polar bear simulacrum (IceCv)
  10 worker ants
  3 troll simulacra (IceCv)
  A wolf simulacrum (IceCv)
  2 killer bee zombies (D:9)
  An ogre skeleton (Lab)
  A hound skeleton (D:8)
  A mummy (D:7)
  24 gnolls
  2 howler monkey skeletons
  6 naga simulacra (IceCv)
  13 river rats
  23 adders
  2 ogre simulacra (IceCv)
  2 hound simulacra (D:11)
  2 shadow imps
  6 white imps (IceCv)
  7 ufetubi (IceCv)
  2 oozes
  An adder zombie (D:9)
  An adder skeleton (D:9)
  6 wandering mushrooms
  A worm (D:2)
  3 dart slugs
  5 leopard geckos
  61 orcs
  3 giant cockroaches
  9 goblins
  5 hobgoblins
  13 jackals
  14 kobolds
  13 quokkas
  4 ball pythons
  7 bats
  16 frilled lizards
  A leopard gecko skeleton (D:9)
  5 quokka skeletons
  A quokka zombie (D:6)
  27 rats
  2 toadstools (Lair:6)
1122 creatures vanquished.

Vanquished Creatures (collateral kills)
  A nagaraja (Snake:4)
  A fire giant (D:15)
  Snorg (Orc:1)
  An ice dragon (D:13)
  2 vault guards (D:14)
  3 hydras
  A ghost crab (Swamp:3)
  A two-headed ogre (Orc:2)
  A tengu warrior (D:14)
  A death yak (Lair:5)
  An orc high priest (Orc:2)
  2 shock serpents
  A naga sharpshooter (Snake:3)
  A swamp dragon (Swamp:4)
  A naga ritualist (Snake:2)
  A spriggan druid (Swamp:3)
  A necromancer (D:9)
  2 mana vipers
  2 orc sorcerers (Orc:2)
  3 ugly things
  2 elephants (Lair:6)
  7 black mambas
  A guardian serpent (Snake:4)
  10 spiny frogs
  A naga mage (Snake:2)
  A komodo dragon (Lair:6)
  A rime drake (Lair:5)
  2 tyrant leeches (Lair:3)
  A polar bear (shapeshifter) (D:12)
  A hornet (D:14)
  19 blink frogs
  4 slime creatures
  3 dream sheep (Lair:6)
  2 hippogriffs (Lair:6)
  A spriggan (Swamp:3)
  A hog (D:15)
  7 vampire mosquitoes
  3 yaks (Lair:6)
  A wraith (D:15)
  A swamp worm (Lair:3)
  A warg (Orc:1)
  7 nagas
  2 water moccasins
  A porcupine (D:11)
  An orc warrior (Orc:2)
  2 swamp drakes (Swamp:4)
  A wolf (Lair:3)
  2 crocodiles
  A big kobold (D:13)
  3 bullfrogs (Lair:6)
  A water moccasin skeleton (D:9)
  An orc priest (Orc:2)
  An orc (Orc:2)
  2 ballistomycete spores
  A hyperactive ballistomycete (Swamp:2)
124 creatures vanquished.

Vanquished Creatures (others)
  A thorn hunter (Swamp:4)
  7 oklob plants
  An unseen horror (D:15)
  An ugly thing (Swamp:2)
  A blink frog (Swamp:4)
  A shadow (D:9)
  2 humans (D:15)
  2 swamp worms (Swamp:4)
  95 wandering mushrooms
  A slave (D:6)
  2 swamp drakes (Swamp:4)
  3 killer bees
  An orc wizard (Orc:2)
  A ballistomycete (Orc:2)
  A ballistomycete spore (Orc:2)
  24 fungi
  50 plants
  896 toadstools
1090 creatures vanquished.

Grand Total: 2336 creatures vanquished

Table legend:
 A = Turns spent in this place as a percentage of turns spent in the entire game.
 B = Non-inter-level travel turns spent in this place as a percentage of non-inter-level travel turns spent in the entire game.
 C = Inter-level travel turns spent in this place as a percentage of turns spent in this place.
 D = Turns resting spent in this place as a percentage of non-inter-level travel turns spent in this place.
 E = Turns spent auto-exploring this place as a percentage of non-inter-level travel turns spent in this place.
 F = Non-inter-level travel turns spent in this place divided by the number of levels of this place that you've seen.
                   A       B       C       D       E      F
               +-------+-------+-------+-------+-------+----------------------
         Total | 100.0 | 100.0 |   6.3 |  39.0 |  39.4 | 1230.0
       Dungeon |  40.2 |  39.2 |   8.8 |  31.6 |  47.2 | 1091.7
          Lair |  21.1 |  21.0 |   6.6 |  41.5 |  41.0 | 1464.0
         Swamp |   8.9 |   9.0 |   4.3 |  31.6 |  39.9 | 945.5
     Snake Pit |  20.4 |  20.9 |   3.8 |  52.8 |  28.6 | 2189.2
  Orcish Mines |   2.8 |   2.8 |   7.6 |   3.4 |  62.2 | 582.0
     Labyrinth |   0.6 |   0.7 |   0.0 |  30.1 |   0.0 | 276.0
      Ice Cave |   4.3 |   4.6 |   0.0 |  56.9 |  11.8 | 1904.0
       Volcano |   1.7 |   1.9 |   0.0 |  58.4 |  22.0 | 778.0
               +-------+-------+-------+-------+-------+----------------------
